Map: Para Site LE

Players

Lizt

  • Race: Zerg Zerg
  • League: Gold
  • Spawn Location: 11:00

Odin - Winner!

  • Race: Protoss Protoss
  • League: Gold
  • Spawn Location: 5:00

VOD

Have the link to the VOD?

Description

Time

  • Played on: Dec. 16, 2018, 7:01 a.m.
  • Length: 9:13
Show
View Real Time Build Order
Export as new Build Order

Lizt Zerg 

Build Orders: Pool First 

Get SALT Encoding   

  12  0:01  Drone  
  13  0:08  Drone  
  14  0:16  Overlord  
  14  0:35  Drone x3  
  17  0:46  Drone  
  18  0:50  Spawning Pool  
  18  0:53  Extractor  
  16  0:58  Drone  
  17  1:09  Drone  
  18  1:26  Drone  
  18  1:28  Hatchery  
  18  1:32  Drone  
  19  1:38  Queen  
  21  1:42  Zergling x2  
  22  1:53  Overlord  
  22  1:55  Metabolic Boost  
  22  2:11  Zergling x2  
  22  2:13  Zergling x2  
  24  2:16  Queen  
  26  2:23  Zergling x2  
  25  2:47  Spine Crawler  
  25  2:48  Zergling x10  
  25  2:50  Zergling x2  
  30  2:56  Spine Crawler  
  30  2:59  Queen  
  30  3:03  Drone  
  32  3:24  Zergling x6  
  30  3:29  Zergling x6  
  30  3:31  Zergling x4  
  35  3:36  Zergling x2  
  36  4:03  Baneling Nest  
  26  4:25  Zergling x4  
  26  4:26  Zergling x2  
  28  4:32  Roach Warren  
  28  4:33  Zergling x2  
  28  4:34  Zergling x10  
  28  4:36  Drone x2  
  35  4:38  Overlord  
  35  4:47  Baneling x3  
  35  4:48  Baneling x3  
  32  5:19  Baneling x2  
  32  5:20  Baneling x2  
  29  5:22  Roach x3  
  29  5:24  Roach x2  
  29  5:26  Roach  
  41  5:30  Roach  
  40  5:45  Roach  
  40  5:46  Roach  
  41  6:21  Roach  
  41  6:34  Zergling x6  
  44  6:43  Zergling x2  
  44  6:45  Zergling x2  
  44  6:47  Overlord x4  
  40  6:56  Baneling x4  
  38  7:07  Roach x2  
  38  7:08  Roach, Zergling x4  
  38  7:09  Zergling x2  
  37  7:19  Roach  
  38  7:24  Baneling x2  
  38  7:25  Roach, Baneling  
  39  7:41  Roach x3  
  42  7:56  Roach x2  
  36  8:08  Roach  
  35  8:17  Roach  
  35  8:21  Queen  
  35  8:26  Roach  
  33  8:27  Zergling x4  
  33  8:28  Zergling x2  
  33  8:30  Zergling x4  
  26  8:41  Zergling x2  
  26  8:42  Zergling x2  
  25  8:53  Roach  
Show
View Real Time Build Order
Export as new Build Order

Odin Protoss - Winner!

Build Orders: Cannon Rush 

Get SALT Encoding   

  12  0:03  Probe  
  13  0:14  Pylon  
  13  0:17  Probe  
  14  0:25  Probe  
  14  0:35  Forge  
  15  0:47  Probe  
  16  1:13  Pylon  
  16  1:18  Pylon  
  16  1:24  Photon Cannon  
  16  1:33  Photon Cannon  
  16  1:35  Photon Cannon  
  16  1:45  Gateway  
  16  1:56  Assimilator  
  16  2:03  Photon Cannon  
  16  2:20  Photon Cannon  
  16  2:28  Pylon  
  16  2:34  Cybernetics Core  
  16  2:48  Assimilator  
  16  2:59  Photon Cannon  
  16  3:17  Assimilator x2  
  16  3:22  Zealot  
  18  3:29  Shield Battery  
  18  3:32  Shield Battery  
  18  3:41  Shield Battery  
  18  3:42  Photon Cannon  
  18  3:52  Assimilator  
  16  4:30  Probe  
  17  4:36  Gateway  
  17  4:38  Pylon  
  17  4:42  Probe  
  18  4:54  Probe  
  19  5:00  Warp Gate  
  19  5:02  Shield Battery  
  19  5:03  Zealot  
  19  5:06  Probe  
  22  5:08  Robotics Facility  
  22  5:15  Probe  
  22  5:17  Photon Cannon  
  23  5:29  Stalker  
  25  5:48  Pylon  
  25  5:52  Pylon  
  25  5:59  Immortal  
  25  6:03  Probe  
  28  6:11  Probe  
  29  6:29  Shield Battery x2  
  29  6:32  Sentry  
  31  6:33  Sentry  
  31  7:02  Immortal  
  35  7:11  Sentry x2  
  37  7:34  Immortal  
  33  8:12  Immortal  
  31  8:15  Sentry  
  31  8:16  Sentry  
  43  9:11  Stalker  
Tags
 
Add a new tag
Caveats
  • Supply blocks, unpowered buildings, or Contaminate may cause inaccurate times.
  • Supply counts are checked every 10 seconds.